 Dungeon Crawl Stone Soup version 0.29-a0-72-g1732ff48e7 (webtiles) character file.

Game seed: 13242708244329019625

2331 testman the Agent of Entropy (level 9, -5/75 HPs)
             Began as a Formicid Abyssal Knight on Feb 3, 2022.
             Was a Priest of Lugonu.
             Shot with a sling bullet by Joseph (19 damage)
             ... on level 8 of the Dungeon.
             The game lasted 00:29:42 (6365 turns).

testman the Agent of Entropy (FoAK)                 Turns: 6365, Time: 00:29:42

Health: -5/75      AC:  8    Str: 23    XL:     9   Next: 70%
Magic:  15/15      EV: 10    Int:  9    God:    Lugonu [***...]
Gold:   199        SH:  0    Dex: 11    Spells: 8/8 levels left

rFire   . . .      SeeInvis +   a - +1 spear
rCold   . . .      Faith    .   (no shield)
rNeg    . . .      Spirit   .   n - +2 ring mail of the Jackalope {rElec SInv}
rPois   .          Reflect  .   (helmet unavailable)
rElec   +          Harm     .   q - +0 cloak
rCorr   .          Rampage  .   (no gloves)
Will    .....                   (no boots)
Stlth   +.........              j - amulet of regeneration
HPRegen 1.02/turn               (no ring)
MPRegen 0.14/turn               (no ring)

@: no status effects
A: permanent stasis, dig shafts and tunnels, antennae 3, four strong arms
a: Dig, Shaft Self, Renounce Religion, Depart the Abyss, Bend Space, Banish


You were on level 8 of the Dungeon.
You worshipped Lugonu.
Lugonu was most pleased with you.
You visited 1 branch of the dungeon, and saw 8 of its levels.
You visited the Abyss 1 time.

You collected 338 gold pieces.
You spent 139 gold pieces at shops.

Inventory:

Hand Weapons
 a - a +1 spear (weapon)
Missiles
 c - 224 stones
 o - 11 poisoned darts
 p - a throwing net
 u - 2 javelins
 w - 3 boomerangs
Armour
 e - a +1 leather armour of fire resistance
 n - the +2 ring mail of the Jackalope (worn) {rElec SInv}
   (You found it on level 2 of the Dungeon)

   rElec:     It insulates you from electricity.
   SInv:      It lets you see invisible.
 q - a +0 cloak (worn)
Jewellery
 j - an amulet of regeneration (around neck)
 s - a ring of fire
 B - a ring of ice
Wands
 v - a wand of iceblast (13)
Scrolls
 b - 3 scrolls of teleportation
 f - a scroll of noise {unknown}
 g - a scroll of vulnerability {unknown}
 h - 2 scrolls of immolation
 i - 2 scrolls of summoning {unknown}
 k - 3 scrolls of fear
 l - a scroll of amnesia {unknown}
 x - a scroll of holy word {unknown}
 y - a scroll of blinking {unknown}
 z - a scroll of enchant weapon {unknown}
Potions
 d - a potion of heal wounds
 m - 2 potions of mutation
 r - 2 potions of ambrosia
 t - 4 potions of curing
 A - a potion of might {unknown}
 C - a potion of flight {unknown}
 D - a potion of haste {unknown}
 E - a potion of attraction {unknown}
 F - a potion of invisibility {unknown}


   Skills:
 + Level 8.4 Fighting
 + Level 7.3 Polearms
 - Level 2.1 Armour
 - Level 0.8 Dodging
 + Level 8.9 Invocations


You had 8 spell levels left.
You didn't know any spells.
Your spell library contained the following spells:

 Spells                   Type           Power      Damage    Failure   Level
 Slow                     Hex            0%         N/A       54%         1
 Confusing Touch          Hex            0%         N/A       88%         3
 Vampiric Draining        Necr           0%         2d6       88%         3
 Animate Dead             Necr           0%         N/A       99%         4
 Borgnjor's Vile Clutch   Necr/Erth      0%         N/A       100%        5
 Death Channel            Necr           0%         N/A       100%        6


Dungeon Overview and Level Annotations

Branches:
Dungeon (8/15)             Temple (0/1) D:6
   Lair: D:8-11

Altars:
Ru

Shops:
D:4 *   D:5 !   D:6 *

Annotations:
D:5 1 runed translucent door, Dordric's ghost, novice DjFE
D:8 Joseph


Innate Abilities, Weirdness & Mutations

You cannot be hasted, slowed, berserked, paralysed or teleported.
You can dig through walls and to a lower floor.
You have a pair of large antennae on your head. (SInv)
Your four strong arms can wield two-handed weapons with a shield.


Message History

You hit Joseph.
Joseph is moderately wounded.
Joseph hits you with a +0 quarterstaff.
You hit Joseph but do no damage.
Joseph is moderately wounded.
You closely miss Joseph.
Joseph is moderately wounded.
Joseph hits you with a +0 quarterstaff.
You barely miss Joseph.
Joseph is moderately wounded.
Joseph hits you with a +0 quarterstaff!
You hit Joseph but do no damage.
Joseph is moderately wounded.
You hit Joseph but do no damage. You punch Joseph.
Joseph is heavily wounded.
Joseph hits you with a +0 quarterstaff.
You hit Joseph.
Joseph is heavily wounded.
Joseph hits you with a +0 quarterstaff!
* * * LOW HITPOINT WARNING * * *
You feel much better. Joseph hits you with a +0 quarterstaff!
You barely miss Joseph.
Joseph is heavily wounded.
Joseph hits you with a +0 quarterstaff!
* * * LOW HITPOINT WARNING * * *
You closely miss Joseph.
Joseph is heavily wounded.
You hit Joseph.
Joseph is heavily wounded.
Joseph barely misses you.
Joseph unwields a +0 quarterstaff.
Joseph wields a +0 hunting sling of freezing.
It is covered in frost.
Joseph shoots a sling bullet.
The sling bullet closely misses you.
Joseph shoots a sling bullet.
The sling bullet barely misses you.
Joseph zaps a wand.
The mass of ice explodes!
The iceblast engulfs you!
* * * LOW HITPOINT WARNING * * *
Joseph shoots a sling bullet.
The sling bullet closely misses you.
Joseph shoots a sling bullet.
The sling bullet hits you!!
You die...

#.......#.#.......#
#.........#....<..#
#.##@..# #.......#
#......# #.......#
####.########.####
#.# #...#...# #.#
#.......#
######.###...#...#
#......@###.##......#
#.####....#.##.####.#
##.####.............
..
#.....##...#.....###
# ##.##.##.######..#
##.##.##.# #.....
#........# ..##
#.[.....## .#
#.###.#.# .#


You could see Joseph.

Vanquished Creatures
  Pikel (D:5)
  2 water moccasins (D:7)
  A sky beast (D:6)
  An ice beast (D:4)
  A necrophage (D:7)
  A black bear (D:4)
  2 ogres
  A centaur (D:5)
  3 lemures
  A bullfrog (D:6)
  4 scorpions
  2 howler monkeys
  A vampire bat (D:3)
  A centaur skeleton (D:7)
  3 hounds
  A bullfrog skeleton (D:5)
  A jelly (D:4)
  An orc wizard (D:7)
  A howler monkey zombie (D:8)
  8 adders
  A white imp (D:6)
  A dart slug (D:2)
  3 fire bats (D:3)
  6 orcs
  2 spectral bats (D:3)
  3 bat skeletons (D:3)
  A bat zombie (D:3)
  5 endoplasms
  2 giant cockroaches
  11 hobgoblins
  10 jackals
  2 kobolds
  3 quokkas
  3 ball pythons
  15 bats
  A bat simulacrum (D:3)
  4 frilled lizards
  3 goblins (D:2)
  7 rats
120 creatures vanquished.

Notes
Turn   | Place    | Note
-------+----------+-------------------------------------------
     0 | Abyss:1  | testman the Formicid Abyssal Knight began the quest for the
                  | Orb.
     0 | Abyss:1  | Reached XP level 1. HP: 18/18 MP: 2/2
     5 | Abyss:1  | Found a corrupted altar of Lugonu.
    12 | D:1      | Escaped the Abyss
   214 | D:1      | Reached XP level 2. HP: 23/24 MP: 3/3
  1074 | D:2      | Found a faded altar of an unknown god.
  1087 | D:2      | Reached XP level 3. HP: 30/30 MP: 5/5
  1147 | D:2      | Reached ** piety under Lugonu
  1228 | D:2      | Reached XP level 4. HP: 37/37 MP: 6/6
  1455 | D:2      | Identified the +2 ring mail of the Jackalope {rElec SInv}
  1858 | D:3      | You fall into a shaft and drop 3 floors!
  1882 | D:5      | Entered Level 5 of the Dungeon
  1910 | D:5      | Noticed a lemure
  1917 | D:5      | Noticed a lemure
  1940 | D:5      | Noticed a scorpion
  1987 | D:6      | Killed a lemure
  2093 | D:6      | Reached XP level 5. HP: 43/43 MP: 7/7
  2302 | D:6      | Found a staircase to the Ecumenical Temple.
  2382 | D:6      | Noticed a sky beast
  2467 | D:6      | Killed a sky beast
  2468 | D:6      | Reached skill level 5 in Fighting
  2468 | D:6      | Reached XP level 6. HP: 50/51 MP: 9/9
  2579 | D:5      | Reached skill level 5 in Invocations
  2591 | D:5      | Found Paebbyaj's Distillery.
  2599 | D:5      | Noticed Pikel
  2649 | D:5      | Killed Pikel
  2650 | D:5      | Reached skill level 5 in Polearms
  2650 | D:5      | Reached XP level 7. HP: 11/58 MP: 9/11
  2650 | D:5      | Reached XP level 8. HP: 12/64 MP: 9/12
  2706 | D:5      | Bought a potion of heal wounds for 65 gold pieces
  3048 | D:5      | Noticed Dordric's ghost (novice DjFE)
  3053 | D:5      | Found a runed translucent door.
  3319 | D:4      | Reached *** piety under Lugonu
  4064 | D:4      | Found Yrhi Ocs's General Store.
  4137 | D:4      | Bought a scroll of fear for 38 gold pieces
  4178 | D:4      | Reached XP level 9. HP: 64/72 MP: 14/14
  5045 | D:6      | Found a sacrificial altar of Ru.
  5086 | D:6      | Found Uroxt's General Store.
  5094 | D:6      | Bought a potion of curing for 36 gold pieces
  6115 | D:7      | Noticed a hornet
  6124 | D:7      | Banished a hornet
  6182 | D:7      | Noticed a troll
  6330 | D:8      | Noticed Joseph
  6365 | D:8      | Shot with a sling bullet by Joseph

Illustrated notes

Levels and vault maps discovered:
D:1:      dpeg_arrival_arbitrary_a, layout_loops_ring
D:2:      layout_basic, shapermc_ecumenical_altar_starsandcircs,
          corner_web_ring, grunt_ministairs_15, kennysheep_generic_room_8
D:3:      layout_loops_ring, goddamned_bats
D:4:      layout_cave_pods, serial_shops, nicolae_shop_hallway_stairs
D:5:      layout_basic, serial_shops, nicolae_shop_trees,
          hellmonk_ghost_happy_afterlife, uniq_pikel
D:6:      layout_gridville, nicolae_ru_sacrificial_ziggurat,
          minmay_temple_entry_arrows, serial_shops, nicolae_square_shop,
          chequers_serial_rivers_micro_b
D:7:      layout_basic
D:8:      layout_loops_cross, minitemple, david_lair_generic,
          hangedman_misty_isle, uniq_harold, uniq_joseph

Skill      XL: |  1  2  3  4  5  6  7  8  9 |
---------------+----------------------------+-----
Invocations    | 3 4 6 7 8 |  8.9
Fighting       | 4 5 6 7 8 |  8.4
Polearms       | 3 5 6 7 |  7.3
Armour         | |  2.1
Dodging        | |  0.8

Action                   |  1- 3 |  4- 6 |  7- 9 || total
-------------------------+-------+-------+-------++-------
Melee: Spear             |    76 |   254 |   375 ||   705
       Punch             |     1 |     2 |     4 ||     7
Invok: Bend Space        |       |     1 |       ||     1
       Banish            |       |       |     1 ||     1
  Use: Scroll            |       |     2 |     3 ||     5
       Potion            |       |       |     3 ||     3
Armor: Ring mail         |     4 |    64 |   126 ||   194
       Leather armour    |    15 |     4 |       ||    19
Dodge: Dodged            |    27 |   110 |   172 ||   309

Table legend: (Time is in decaauts)
 A = Elapsed time spent in this place.
 B = Non-inter-level travel time spent in this place.
 C = Inter-level travel time spent in this place.
 D = Time resting spent in this place.
 E = Time spent auto-exploring this place.
 F = Levels seen in this place.
 G = Mean time per level.
                   A        B        C        D        E       F      G
               +--------+--------+--------+--------+--------+-----+--------+
         Total |   6266 |   6043 |    223 |    550 |   3747 |   9 |  696.2 |
       Dungeon |   6254 |   6031 |    223 |    550 |   3741 |   8 |  781.8 |
         Abyss |     12 |     12 |      0 |      0 |      6 |   1 |   12.0 |
               +--------+--------+--------+--------+--------+-----+--------+

Top non-repeatable levels by time:
     D:6: 1087 daAuts
     D:5: 1077 daAuts
     D:4: 945 daAuts
     D:3: 869 daAuts
     D:1: 787 daAuts
     D:7: 721 daAuts
     D:2: 685 daAuts
     D:8: 81 daAuts
 Abyss:1: 12 daAuts
